 Dungeon Crawl Stone Soup version 0.31-a0-557-g6e16503903 (webtiles) character file.

Game seed: 8169549574720874882

810 ytrimaz the Sneak (level 7, -2/39 (43) HPs)
             Began as an Octopode Shapeshifter on Aug 16, 2023.
             Slain by a wight
             ... wielding a +0 mace
              (3 damage)
             ... on level 5 of the Dungeon.
             The game lasted 00:04:27 (3934 turns).

ytrimaz the Sneak (Octopode Shapeshifter)           Turns: 3934, Time: 00:04:28

HP:   -2/39 (43)    AC:  1    Str: 14    XL:     7   Next: 92%
MP:   7/7           EV: 14    Int: 11    God:
Gold: 276           SH:  0    Dex: 14    Spells: 6/6 levels left

rFire   . .          .
                       - Unarmed
rCold   . . .        (no shield)
rNeg    . . .        (helmet currently unavailable)
rPois   .            (no amulet)
rElec   .            B - ring of willpower
rCorr   .            (no ring)
SInv    .            (no ring)
Will    +....        (no ring)
Stlth   +++++        (no ring)
HPRegen 0.26/turn    (no ring)
MPRegen 0.10/turn    (no ring)
                     (no ring)

%: no passive effects
@: about to teleport, beast-form, drained
A: beast (slay +3), almost no armour, amphibious, 8 rings, camouflage 1,
gelatinous body 1, (nimble swimmer 1), tentacles
a: Begin Untransformation


You were on level 5 of the Dungeon.
You were a hulking beast.
You visited 2 branches of the dungeon, and saw 6 of its levels.

You collected 276 gold pieces.


Innate Abilities, Weirdness & Mutations

You are a hulking beast.
Your limbs bulge with bestial killing power. (Slay +3)
You cannot wear most types of armour.
You are amphibious.
You can wear up to eight rings at the same time.
Your skin changes colour to match your surroundings (Stealth+).
Your rubbery body absorbs attacks. (AC +1, EV +1)
((You are camouflaged when in or above water. (Stealth+)))
You have tentacles for arms and can constrict up to eight enemies at once.


   Skills:
 - Level 1.0 Fighting
 + Level 3.6 Dodging
 + Level 7.7 Stealth
 - Level 3.0 Unarmed Combat
 * Level 5.6 Shapeshifting


You had 6 spell levels left.
You didn't know any spells.
Your spell library contained the following spells:

 Spells                   Type           Power      Damage    Failure   Level
 Poisonous Vapours        Pois/Air       0%         N/A       47%         2
 Mephitic Cloud           Conj/Pois/Air  0%         N/A       71%         3
 Freezing Cloud           Conj/Ice/Air   0%         6-21      100%        5

Inventory:

Jewellery
 B - a ring of willpower (left tentacle)
   (You found it on level 5 of the Dungeon)
Talismans
 b - a beast talisman (active)
 c - a flux talisman
 x - a blade talisman
   (You found it on level 4 of the Dungeon)
Wands
 a - a wand of charming (13)
   (You found it on level 5 of the Dungeon)
 s - a wand of mindburst (8)
   (You found it on level 3 of the Dungeon)
 t - a wand of acid (6) (quivered)
   (You found it on level 3 of the Dungeon)
Scrolls
 e - a scroll of noise {unknown}
 f - a scroll of enchant armour
 g - a scroll of acquirement {unknown}
 h - a scroll of enchant weapon {unknown}
 j - a scroll of blinking {unknown}
 k - 2 scrolls of identify
 l - a scroll of brand weapon
 m - a scroll of teleportation
 q - a scroll of fog {unknown}
 u - a scroll of fear {unknown}
 v - a scroll of vulnerability {unknown}
 y - a scroll of revelation {unknown}
Potions
 d - a potion of haste {unknown}
 i - a potion of degeneration {unknown}
 n - a potion of enlightenment {unknown}
 o - 2 potions of mutation {unknown}
 p - a potion of heal wounds
 r - a potion of attraction
 w - a potion of ambrosia {unknown}
 z - 2 potions of might {unknown}
 A - a potion of curing {unknown}

Dungeon Overview and Level Annotations

Branches:
Dungeon (5/15) Zot: 26090  Temple (1/1) D:4 Zot: 5983

Altars:
Dithmenos
Elyvilon
Hepliaklqana
Okawaru
Qazlal
Ru
Uskayaw
Vehumet
Wu Jian
Xom
Yredelemnul
Zin
The Shining One

Annotations:
D:5 1 runed translucent door

#####.#.###.#########
#. #.#.....# #.
#.############ #. #.#
#...# #. #.# #._.# #
#. #.# ####...# ...
..
#.#####..#####.....
..
#.#........z.......
..
#.'.....hz#+#.....z .
###.......#p#...#.#
#.......###.Z...#
#...........%.###
#..........####
#....(.....#
###.....#### #####.#


You could see 2 wights, a kobold zombie and a neutral human (wandering).


Message History

You regained 33 hp, and now have 41/43 hp. 😕 HP[+1]
You start resting. 😎 HP[+1]
Your hp is fully restored (43).
B - a ring of willpower
B - a ring of willpower (left tentacle)
You see here a scorpion corpse.
Key pressed, stopping explore.
Key pressed, stopping explore.
There is an open door here.
There is a sacrificial altar of Ru, spattered with blood here.
There is an open door here.
You now have 276 gold pieces (gained 15).
Key pressed, stopping explore.
A hound comes into view.
A hound is nearby!
A hound is nearby!
A hound is nearby!
A hound is nearby!
A hound is nearby!
The helpless hound fails to defend itself.
You tentacle-slap the hound. You grab the hound. You squeeze the hound!
You constrict the hound.
You kill the hound!
You see here a hound corpse.
No target in view!
Unknown command.
You see here a hound corpse.
Key pressed, stopping explore.
You see here a hound corpse.
Key pressed, stopping explore.
You see here a hound corpse.
A kobold skeleton comes into view.
A kobold skeleton is nearby!
A kobold skeleton is nearby!
A kobold skeleton is nearby!
A kobold skeleton is nearby!
There is an open door here.
You sense Yredelemnul urging you to kill the trapped human.
Found a runed translucent door.
A kobold zombie comes into view.
The helpless kobold skeleton fails to defend itself.
You bludgeon the kobold skeleton!
You destroy the kobold skeleton!
A wight comes into view. It is wielding a +0 mace.
Unknown command.
A wight comes into view. It is wielding a +2 spear.
Found a basalt altar of Yredelemnul.
A wight comes into view. It is wielding a +5 long sword.
The wight misses you.
Unknown command.
You tentacle-slap the wight but do no damage.
Your grab misses the wight. The wight hits you with a +0 mace.
You feel drained. The wight barely misses you. 😕 HP[-4]
You now have 42 max hp (-1).
You take 4 damage, and now have 39/42 hp.
Unknown command.
Unknown command.
As you read the scroll labelled SAM ARATRANIM, it crumbles to dust.
It is a scroll of enchant armour.
You aren't carrying any armour which can be enchanted further.
The wight misses you.
The wight closely misses you. 😕 HP[+1] Unknown command.
As you read the scroll labelled FUOCOFRU LYUME, it crumbles to dust.
It is a scroll of identify.
r - a potion of attraction The wight hits you with a +0 mace!
The wight hits you from afar with a +2 spear.
You feel drained. 😮 HP[-11]
You now have 40 max hp (-2).
You take 11 damage, and now have 29/40 hp.
MASSIVE DAMAGE!! (PAUSE)
As you read the scroll labelled XUIZEV KYSU, it crumbles to dust.
It is a scroll of brand weapon.
You aren't carrying any weapons that can be branded.
The wight hits you with a +0 mace! The wight closely misses you. 😮 HP[-8]
You take 8 damage, and now have 21/40 hp.
Unknown command.
The wight attacks as you move away! The wight hits you with a +0 mace!
* * * LOW HITPOINT WARNING * * *
😨 HP[-7]
You take 7 damage, and now have 14/40 hp.
As you read the scroll labelled TUDISCHIDEF, it crumbles to dust.
You feel strangely unstable.
It was a scroll of teleportation.
The wight hits you from afar with a +2 spear!
* * * LOW HITPOINT WARNING * * *
😱 HP[-7]
You take 7 damage, and now have 7/40 hp.
Unknown command.
The wight hits you with a +0 mace.
* * * LOW HITPOINT WARNING * * *
You feel drained.
You die...

Skill      XL: |  1  2  3  4  5  6  7 |
---------------+----------------------+-----
Stealth        | 2 3 4 5 6 7 |  7.7
Shapeshifting  | 4 5 |  5.6
Dodging        | 3 |  3.6
Fighting       | |  1.0
Unarmed Combat | |  3.0

Action                     |  1- 3 |  4- 6 |  7- 9 || total
---------------------------+-------+-------+-------++-------
  Melee: Unarmed           |    53 |    85 |    32 ||   170
         Constrict         |    18 |     9 |     9 ||    36
         Tentacles         |     7 |     7 |     8 ||    22
         Punch             |     2 |     2 |       ||     4
  Evoke: Wand              |       |     5 |     7 ||    12
    Use: Potion            |       |     2 |     1 ||     3
         Scroll            |       |       |     4 ||     4
   Stab: Sleeping          |     4 |    21 |     2 ||    27
         Distracted        |     1 |       |       ||     1
 Armour: Skin              |     6 |    23 |     3 ||    32
  Dodge: Dodged            |    33 |    16 |    21 ||    70
   Form: Blade             |       |     1 |       ||     1
         Beast             |       |     1 |       ||     1

Levels and vault maps discovered:
D:1:      minmay_arrival_nine_rooms, layout_loops_ring,
          chequers_serial_rivers_micro_a
D:2:      layout_rooms, basic_altar
D:3:      minmay_skewed_foursquare, layout_loops_ring,
          nicolae_wu_jian_wuxing_cycle, grunt_dithmenos_smoke_and_mirrors
D:4:      layout_basic, kennysheep_mini, minmay_temple_entry_mist
D:5:      layout_basic, dk_yredelemnul_ordeal,
          nicolae_ru_great_annihilating_truth, lemuel_tele_altar, uniq_menkaure,
          uniq_blork_the_orc
Temple:   hellmonk_temple_flake

Notes
Turn   | Place    | Note
-------+----------+-------------------------------------------
     0 | D:1      | ytrimaz the Octopode Shapeshifter began the quest for the
                  | Orb.
     0 | D:1      | Reached XP level 1. HP: 13/13 MP: 1/1
     0 | D:1      | magus.rc [v1.9.6]
    61 | D:1      | Reached skill level 1 in Stealth
   221 | D:1      | Reached skill level 2 in Stealth
   235 | D:1      | Reached XP level 2. HP: 14/18 MP: 2/2
   312 | D:1      | Reached skill level 3 in Stealth
   434 | D:1      | Reached XP level 3. HP: 23/23 MP: 3/3
   729 | D:2      | Found a hazy altar of Hepliaklqana.
   734 | D:2      | Reached skill level 4 in Stealth
   868 | D:2      | You pick up a book of Vapours and begin reading...
   868 | D:2      | You add the spells Poisonous Vapours, Mephitic Cloud and
                  | Freezing Cloud to your library.
   961 | D:2      | Reached XP level 4. HP: 28/28 MP: 4/4
  1270 | D:3      | Noticed a water moccasin
  1286 | D:3      | Killed a water moccasin
  1287 | D:3      | Reached skill level 5 in Stealth
  1287 | D:3      | Reached skill level 4 in Shapeshifting
  1287 | D:3      | Reached XP level 5. HP: 33/33 MP: 5/5
  1346 | D:3      | Reached skill level 6 in Stealth
  1371 | D:3      | Found an ornate altar of the Wu Jian Council.
  1751 | D:3      | Found a shadowy altar of Dithmenos.
  2102 | D:4      | HP: 4/16 [worm (12)]
  2187 | D:4      | Found a staircase to the Ecumenical Temple.
  2205 | Temple   | Entered the Ecumenical Temple
  2265 | D:4      | Reached XP level 6. HP: 15/38 MP: 6/6
  2542 | D:4      | Found a glowing golden altar of the Shining One.
  3141 | D:5      | Entered Level 5 of the Dungeon
  3307 | D:5      | Noticed Menkaure
  3309 | D:5      | Killed Menkaure
  3310 | D:5      | Reached XP level 7. HP: 43/43 MP: 7/7
  3318 | D:5      | Reached skill level 7 in Stealth
  3420 | D:5      | Reached skill level 3 in Dodging
  3420 | D:5      | Reached skill level 5 in Shapeshifting
  3450 | D:5      | Found a sacrificial altar of Ru.
  3490 | D:5      | HP: 1/43 [iguana (10)]
  3601 | D:5      | Found a radiant altar of Vehumet.
  3630 | D:5      | HP: 9/43 [poisoned by a scorpion]
  3635 | D:5      | HP: 5/43 [poisoned by a scorpion]
  3918 | D:5      | Found a runed translucent door.
  3918 | D:5      | Noticed a human
  3924 | D:5      | Found a basalt altar of Yredelemnul.
  3933 | D:5      | HP: 7/40 [wight/+2 spear (8)]
  3934 | D:5      | HP: 1/40 [wight/+0 mace (6)]
  3934 | D:5      | Slain by a wight

Vanquished Creatures
  Menkaure (D:5)
  A water moccasin (D:3)
  An ogre (D:5)
  A phantom (D:5)
  A scorpion (D:5)
  3 hounds (D:5)
  An orc wizard (D:5)
  2 sleepcaps (D:5)
  An iguana (D:5)
  5 adders
  3 gnolls (D:4)
  A shadow imp (D:5)
  An ufetubus (D:5)
  A worm (D:4)
  4 dart slugs
  2 orcs (D:3)
  5 ball pythons
  10 endoplasms
  7 giant cockroaches
  8 goblins
  7 hobgoblins
  5 jackals
  3 quokkas
  3 bats
  A frilled lizard (D:1)
  7 kobolds
  A kobold skeleton (D:5)
  2 rats (D:2)
88 creatures vanquished.

Table legend:
 A = Non-vault XP
 B = Vault XP
 C = Vault XP percentage of total XP
 D = Non-vault monster count
 E = Vault monster count
 F = Vault count percentage of total count
                 A         B        C        D         E       F
            +---------+---------+-------+---------+---------+-------
      Total |     945 |     213 |  18.4 |      75 |      13 |  14.8
            +---------+---------+-------+---------+---------+-------
        D:1 |      41 |       0 |   0.0 |      21 |       0 |   0.0
        D:2 |      59 |       0 |   0.0 |      11 |       0 |   0.0
        D:3 |     175 |      14 |   7.4 |      13 |       7 |  35.0
        D:4 |      87 |       0 |   0.0 |      18 |       0 |   0.0
        D:5 |     583 |     199 |  25.4 |      12 |       6 |  33.3
            +---------+---------+-------+---------+---------+-------

Skill      XL: |  1  2  3  4  5  6  7 |
---------------+----------------------+-----
Stealth        | 2 3 4 5 6 7 |  7.7
Shapeshifting  | 4 5 |  5.6
Dodging        | 3 |  3.6
Fighting       | |  1.0
Unarmed Combat | |  3.0

Action                     |  1- 3 |  4- 6 |  7- 9 || total
---------------------------+-------+-------+-------++-------
  Melee: Unarmed           |    53 |    85 |    32 ||   170
         Constrict         |    18 |     9 |     9 ||    36
         Tentacles         |     7 |     7 |     8 ||    22
         Punch             |     2 |     2 |       ||     4
  Evoke: Wand              |       |     5 |     7 ||    12
    Use: Potion            |       |     2 |     1 ||     3
         Scroll            |       |       |     4 ||     4
   Stab: Sleeping          |     4 |    21 |     2 ||    27
         Distracted        |     1 |       |       ||     1
 Armour: Skin              |     6 |    23 |     3 ||    32
  Dodge: Dodged            |    33 |    16 |    21 ||    70
   Form: Blade             |       |     1 |       ||     1
         Beast             |       |     1 |       ||     1

Illustrated notes

Table legend:
 A = Kills in this place as a percentage of kills in the entire game.
 B = Kills by you in this place as a percentage of kills by you in the entire game.
 C = Kills by friends in this place as a percentage of kills by friends in the entire game.
 D = Other kills in this place as a percentage of other kills in the entire game.
 E = Experience gained in this place as a percentage of experience gained in the entire game.
 F = Experience gained in this place divided by the number of levels of this place that you have seen.
                   A       B       C       D       E      F
               +-------+-------+-------+-------+-------+----------------------
         Total | 100.0 | 100.0 |   N/A |   N/A | 100.0 | 193.0
       Dungeon | 100.0 | 100.0 |   N/A |   N/A | 100.0 | 231.6
               +-------+-------+-------+-------+-------+----------------------

Table legend: (Time is in decaauts)
 A = Elapsed time spent in this place.
 B = Non-inter-level travel time spent in this place.
 C = Inter-level travel time spent in this place.
 D = Time resting spent in this place.
 E = Time spent auto-exploring this place.
 F = Levels seen in this place.
 G = Mean time per level.
                   A        B        C        D        E       F      G
               +--------+--------+--------+--------+--------+-----+--------+
         Total |   3924 |   3818 |    106 |    128 |   3007 |   6 |  654.0 |
       Dungeon |   3908 |   3802 |    106 |    128 |   3007 |   5 |  781.6 |
        Temple |     16 |     16 |      0 |      0 |      0 |   1 |   16.0 |
               +--------+--------+--------+--------+--------+-----+--------+

Top non-repeatable levels by time:
     D:4: 1145 daAuts
     D:5: 790 daAuts
     D:3: 721 daAuts
     D:1: 707 daAuts
     D:2: 543 daAuts
  Temple: 16 daAuts
